 Dungeon Crawl Stone Soup version 0.26.1-11-gd32895ea62 (webtiles) character file.

Game seed: 10518896820763241558

87 Ankh the Ruffian (level 4, -4/35 HPs)
             Began as a Draconian Transmuter on Apr 13, 2021.
             Slain by Terence
             ... wielding a +0 flail
              (13 damage)
             ... on level 3 of the Dungeon.
             The game lasted 00:29:34 (3037 turns).

Ankh the Ruffian (Draconian Transmuter)             Turns: 3037, Time: 00:29:35

Health: -4/35      AC:  5    Str: 12    XL:     4   Next: 28%
Magic:  7/7        EV: 12    Int: 15    God:
Gold:   66         SH:  0    Dex: 11    Spells: 7/7 levels left

rFire    + . .     SeeInvis .   c - +2 short sword (freeze)
rCold    x . .     Faith    .   (no shield)
rNeg     . . .     Spirit   .   (armour unavailable)
rPois    .         Reflect  .   (helmet restricted)
rElec    .         Harm     .   (no cloak)
rCorr    .         Rampage  .   (no gloves)
Will     +....                  (no boots)
Stlth    +.........             (no amulet)
HPRegen  0.11/turn              h - ring of fire
MPRegen  0.10/turn              n - ring of willpower

@: no status effects
A: unfitting armour, cold-blooded, AC +5
a: no special abilities


You were on level 3 of the Dungeon.
You visited 1 branch of the dungeon, and saw 3 of its levels.

You collected 66 gold pieces.

Inventory:

Hand Weapons
 b - a +0 short sword
 c - a +2 short sword of freezing (weapon)
Missiles
 a - 28 bolts
Armour
 e - a +0 leather armour
 q - a +0 plate armour
Jewellery
 h - a ring of fire (left hand)
 n - a ring of willpower (right hand)
 r - a cursed -4 ring of dexterity {unknown}
Wands
 i - a wand of iceblast (7) (quivered)
Scrolls
 k - a scroll of immolation {unknown}
 m - 4 scrolls of identify {unknown}
 o - a scroll of random uselessness {unknown}
Potions
 j - a potion of mutation {unknown}
 l - 2 potions of heal wounds {unknown}
 p - 2 potions of cancellation {unknown}


   Skills:
 + Level 1.4 Fighting
 + Level 2.1 Short Blades
 + Level 2.1 Dodging
 + Level 0.1 Stealth
 + Level 3.5 Unarmed Combat
 + Level 2.4 Spellcasting
 + Level 2.4 Transmutations
 + Level 0.1 Evocations


You had 7 spell levels left.
You didn't know any spells.
Your spell library contained the following spells:

 Spells                   Type           Power        Failure   Level
 Beastly Appendage        Tmut           18%          8%          1
 Wereblood                Tmut           9%           12%         2
 Spider Form              Tmut/Pois      2%           36%         3
 Ice Form                 Ice/Tmut       5%           78%         4
 Blade Hands              Tmut           4%           91%         5


Dungeon Overview and Level Annotations

Branches:
Dungeon (3/15)

Altars:
Fedhas
Trog
The Shining One

Annotations:
D:3 Terence


Innate Abilities, Weirdness & Mutations

Your plain brown scales are hard. (AC +5)
You cannot fit into any form of body armour.
You are cold-blooded and may be slowed by cold attacks.


Message History

Terence is moderately wounded.
Terence hits you but does no damage.
Hit: c) +2 short sword (freeze)
Press: ? - help, Dir - move target, f/p - Terence
Aim: Terence, wielding a +0 flail and wearing a +0 scale mail (moderately wounded)
You hit Terence. You freeze Terence. You claw Terence, but do no damage.
You tail-slap Terence, but do no damage.
Terence is moderately wounded.
Terence hits you with a +0 flail!
* * * LOW HITPOINT WARNING * * *
As you read the scroll labelled MEZYIT ADGHINE, it crumbles to dust.
You hear a loud clanging noise!
It was a scroll of noise.
As you read the scroll labelled KEKKEL NORENT, it crumbles to dust.
It is a scroll of amnesia.
Forget Beastly Appendage, freeing 1 spell level for a total of 7?
Your memory of Beastly Appendage unravels.
Your horns disappear.
Your talons disappear.
Terence hits you with a +0 flail!
You die...

.##.......###..# #.# ####.#
.##.....### ...# #.#### #..
.##...###.. ...# #....# ###
+##.###...###..# ####.# #
..#.....###...## #.# ##
......###.....# ##.# ##.
....###.......# ##..# ##..
......###.....#########...####...
....)...###.....@@g..........'...
..........###.#####<......####...
....##........# #.####..# ##..
...#########..# #.#####.# ##.
..## #.## #.#.....# ## '## #.#
#.#.###.# # .# #.# #.......# .#
########.# ###.##### .##
#........# #####.###### #


You could see Terence and a goblin.

Vanquished Creatures
  A hound (D:3)
  An adder (D:3)
  A worm (D:2)
  A leopard gecko (D:1)
  A ball python (D:1)
  2 giant cockroaches
  3 goblins
  5 hobgoblins
  8 jackals
  6 kobolds
  5 bats
  3 frilled lizards
  4 rats
41 creatures vanquished.

Vanquished Creatures (others)
  6 plants (D:2)
6 creatures vanquished.

Grand Total: 47 creatures vanquished

Notes
Turn   | Place    | Note
-------+----------+-------------------------------------------
     0 | D:1      | Ankh the Draconian Transmuter began the quest for the Orb.
     0 | D:1      | Reached XP level 1. HP: 16/16 MP: 3/3
   196 | D:1      | Reached XP level 2. HP: 9/23 MP: 5/5
  1477 | D:2      | Noticed Terence
  1626 | D:2      | Found a glowing golden altar of the Shining One.
  1680 | D:2      | Reached XP level 3. HP: 28/28 MP: 6/6
  1720 | D:3      | Found a blossoming altar of Fedhas.
  2243 | D:3      | Found a bloodstained altar of Trog.
  2603 | D:3      | Reached XP level 4. HP: 34/35 MP: 7/7
  3037 | D:3      | Slain by Terence

Illustrated notes

Levels and vault maps discovered:
D:1:      lemuel_arrival_hallway, layout_basic, hangedman_decor_growths,
          minivault_11
D:2:      cheibrodos_old_hovel, layout_rooms, tso_metal_star,
          old_standard_altar, uniq_terence
D:3:      layout_loops_corners, lightli_temple_of_fire, fedhas_ov_isle_minmay,
          minmay_unequal

Skill      XL: |  1  2  3 |
---------------+----------+-----
Dodging        | 2 |  2.1
Short Blades   | 2 |  2.1
Fighting       | |  1.4
Stealth        | |  0.1
Unarmed Combat | |  3.5
Spellcasting   | |  2.4
Transmutations | |  2.4
Evocations     | |  0.1

Action                   |  1- 3 |  4- 6 || total
-------------------------+-------+-------++-------
Melee: Unarmed           |    24 |       ||    24
       Short sword       |    73 |    16 ||    89
       Kick              |     9 |     2 ||    11
       Headbutt          |     3 |     1 ||     4
       Tailslap          |     4 |     2 ||     6
       Punch             |     1 |       ||     1
 Cast: Beastly Appendage |     8 |     2 ||    10
Evoke: Wand              |     1 |       ||     1
  Use: Scroll            |       |     2 ||     2
       Potion            |       |     1 ||     1
Armor: Skin              |    37 |     5 ||    42
Dodge: Dodged            |    81 |    15 ||    96
